 Dungeon Crawl Stone Soup version 0.25-a0-460-g4f2eb97ec1 (webtiles) character file.

Game seed: 15854435956517573465, levelgen mode: classic

10827 EnegeticOcto the Cleaver (level 12, -4/95 HPs)
             Began as a Formicid Berserker on Feb 3, 2020.
             Was an Elder of Trog.
             Slain by a tengu reaver
             ... wielding the +2 trident of Chance {vorpal, *Slow rPois Int+7 Stlth+}
              (20 damage)
             ... on level 11 of the Dungeon.
             The game lasted 00:13:32 (12315 turns).

EnegeticOcto the Cleaver (Formicid Berserker)      Turns: 12315, Time: 00:13:33

Health: -4/95      AC: 17    Str: 27    XL:     12   Next: 0%
Magic:  15/15      EV: 19    Int:  9    God:    Trog [****..]
Gold:   870        SH:  0    Dex: 18    Spells: 11/11 levels left

rFire    . . .     SeeInvis +   w - +3 broad axe
rCold    . . .     Gourm    .   (no shield)
rNeg     . . .     Faith    .   r - +0 chain mail
rPois    +         Spirit   .   (helmet unavailable)
rElec    .         Reflect  .   I - +1 cloak {rPois}
rCorr    .         Harm     .   E - +0 pair of gloves
MR       +....                  n - +1 pair of boots
Stlth    ..........             (no amulet)
HPRegen  0.25/turn              (no ring)
MPRegen  0.14/turn              (no ring)

@: mighty, agile
A: permanent stasis, dig shafts and tunnels, four strong arms, antennae 3
a: Dig, Shaft Self, Trog's Hand, Brothers in Arms, Renounce Religion


You were on level 11 of the Dungeon.
You worshipped Trog.
Trog was greatly pleased with you.
You were very hungry.

You visited 1 branch of the dungeon, and saw 11 of its levels.
You also visited: Sewer.

You collected 870 gold pieces.

Inventory:

Hand Weapons
 u - a +1 war axe of venom
 w - a +3 broad axe (weapon)
 A - a +3 hand axe of flaming
 J - a +0 shortbow
Missiles
 h - 317 arrows
 k - 114 bolts
 L - a throwing net (quivered) {!f}
Armour
 n - a +1 pair of boots (worn)
 r - a +0 chain mail (worn)
 E - a +0 pair of gloves (worn)
 I - a +1 cloak of poison resistance (worn)
Jewellery
 l - an uncursed ring of fire
 s - an uncursed amulet of faith {unknown}
 F - an uncursed ring of ice
 K - a +4 ring of intelligence {unknown}
 M - an uncursed amulet of rage {unknown}
Wands
 d - a wand of paralysis (1)
 v - a wand of flame (33)
 G - a wand of polymorph (8)
 H - a wand of scattershot (3)
Scrolls
 a - a scroll of fog {!r}
 m - 3 scrolls of enchant weapon
 x - 4 scrolls of magic mapping {@r5 !r}
Potions
 b - a potion of resistance {unknown}
 c - 2 potions of curing {@q1 !q}
 f - a potion of invisibility
 g - 2 potions of agility {@q5 !q}
 j - 3 potions of might {@q3 !q}
 o - 5 potions of flight
 p - a potion of magic {unknown}
 q - a potion of lignification {@q6}
 t - 2 potions of degeneration {unknown}
 z - 3 potions of mutation
 B - a potion of berserk rage {unknown}
 C - a potion of ambrosia {unknown}
Comestibles
 e - 28 rations
 D - 2 chunks of flesh


   Skills:
 + Level 9.3 Fighting
 * Level 11.5 Axes
 + Level 9.0 Armour
 + Level 7.5 Dodging
 - Level 4.0 Evocations


You had 11 spell levels left.
You didn't know any spells.
Your spell library was empty.

Dungeon Overview and Level Annotations

Branches:
Dungeon (11/15)            Temple (0/1) D:4            Lair (0/6) D:8
    Orc (0/2) D:9           Sewer (visited)

Altars:
Trog
Vehumet
Yredelemnul


Innate Abilities, Weirdness & Mutations

You cannot be hasted, slowed, berserked, paralysed or teleported.
You can dig through walls and to a lower floor.
Your four strong arms can wield two-handed weapons with a shield.
You have a pair of large antennae on your head. (SInv)


Message History

Really quaff
c - 6 potions of curing {@q1 !q}?
You feel better.
Really quaff
c - 5 potions of curing {@q1 !q}?
You feel better. The tengu reaver blocks your attack.
The tengu reaver misses you.
The tengu reaver pecks you but does no damage.
The tengu reaver claws you but does no damage.
The tengu reaver blocks your attack.
You feel the effects of Trog's Hand fading.
The tengu reaver barely misses you. The tengu reaver completely misses you.
The tengu reaver barely misses you.
You barely miss the tengu reaver. The tengu reaver casts a spell at you.
The bolt of lightning hits you!!!
You slash the tengu reaver!
The tengu reaver is lightly wounded.
The tengu reaver hits you with the +2 trident of Chance {vorpal, *Slow rPois Int+7 Stlth+}.
The tengu reaver completely misses you. The tengu reaver claws you.
You hit the tengu reaver.
The tengu reaver is lightly wounded.
The tengu reaver hits you with the +2 trident of Chance {vorpal, *Slow rPois Int+7 Stlth+}.
The tengu reaver pecks you but does no damage.
The tengu reaver claws you.
You closely miss the tengu reaver.
The tengu reaver is lightly wounded.
You slice the tengu reaver!!
The tengu reaver is heavily wounded.
The tengu reaver closely misses you.
The tengu reaver pecks you but does no damage.
The tengu reaver claws you but does no damage.
Your chain mail prevents you from hitting the tengu reaver.
The tengu reaver is heavily wounded.
Your skin stops crawling.
You feel less resistant to hostile enchantments.
The tengu reaver hits you but does no damage.
The tengu reaver closely misses you.
The tengu reaver claws you but does no damage.
You hit the tengu reaver but do no damage.
The tengu reaver is heavily wounded.
The tengu reaver hits you with the +2 trident of Chance {vorpal, *Slow rPois Int+7 Stlth+}.
The tengu reaver pecks you but does no damage.
The tengu reaver completely misses you.
You hit the tengu reaver but do no damage.
The tengu reaver is heavily wounded.
The tengu reaver hits you but does no damage.
The tengu reaver pecks you but does no damage.
The tengu reaver claws you.
You slice the tengu reaver!!
The tengu reaver is severely wounded.
The tengu reaver points at you and mumbles some strange words.
The bolt of lightning misses you. The tengu reaver blocks your attack.
The tengu reaver is severely wounded.
The tengu reaver hits you with the +2 trident of Chance {vorpal, *Slow rPois Int+7 Stlth+}!
* * * LOW HITPOINT WARNING * * *
x2 The tengu reaver pecks you but does no damage.
The tengu reaver claws you but does no damage.
You barely miss the tengu reaver.
The tengu reaver is heavily wounded.
The tengu reaver hits you with the +2 trident of Chance {vorpal, *Slow rPois Int+7 Stlth+}!
* * * LOW HITPOINT WARNING * * *
x2 The tengu reaver pecks you but does no damage.
The tengu reaver claws you but does no damage.
Okay, then.
Okay, then.
Okay, then.
Okay, then.
Okay, then.
Your ogre goes berserk!
You are feeling very hungry.
The tengu reaver misses you.
The tengu reaver pecks you but does no damage.
The tengu reaver completely misses you.
You swap places.
Your ogre barely misses the tengu reaver.
The tengu reaver hits you from afar with the +2 trident of Chance {vorpal, *Slow rPois Int+7 Stlth+}.
* * * LOW HITPOINT WARNING * * *
x2 The tengu reaver blocks your ogre's attack.
What are your orders? t - Shout!
Orders for allies: a - Attack new target. p - Attack previous target. r - Retreat! s - Stop attacking. g - Guard the area. f - Follow me.
Anything else - Cancel.
Gang up on whom?
Press: ? - help, Dir - move target cursor, f/p - tengu reaver
Aim: a tengu reaver, wielding the +2 trident of Chance {vorpal, *Slow rPois Int+7 Stlth+}, wearing a +3 ring mail of cold resistance and wearing a +0 buckler of protection (heavily wounded) Attack!
The tengu reaver hits you from afar with the +2 trident of Chance {vorpal, *Slow rPois Int+7 Stlth+}.
* * * LOW HITPOINT WARNING * * *
x2 The tengu reaver blocks your ogre's attack.
Really quaff
c - 4 potions of curing {@q1 !q}?
You feel better.
Your ogre hits the tengu reaver with a +0 giant club!!
The tengu reaver closely misses you.
Really quaff
c - 3 potions of curing {@q1 !q}?
You feel better.
The tengu reaver blocks your ogre's attack.
The tengu reaver hits you from afar with the +2 trident of Chance {vorpal, *Slow rPois Int+7 Stlth+}!!
You die...

#.#°# ##.###.....## #.
#.## ##.## ...#...
#.###.## #..# .
##.#.## ..# ####.####
#.# ##.#{{.#.# ..
#..Q#.#...# ... .
##.#O#.#.## .#{##
###.#..@..#.# .{.#{
#().(#.#.#..... #{#.
##[#.#.....#.#.. #...
##?.##.#.#.#.##.. #
#...###(..#...#.#...#.
##.#####
#.{.†.†.###.#...# ##.
.......' .#####(#####
###.## #.##########
.......(...# ...
#......)....
####.####..# ..
#.###.))..#.


You could see a tengu reaver and a friendly ogre (berserk).

Vanquished Creatures
  Erolcha (D:9)
  3 two-headed ogres
  A swamp dragon (D:11)
  An unseen horror (D:11)
  Pikel (D:9)
  A troll (D:10)
  Grinder (D:3)
  2 hippogriffs
  A yak (D:7)
  3 ice beasts
  6 orc warriors
  4 sky beasts
  A slave (D:9)
  4 ogres
  2 phantoms
  3 centaurs
  3 crocodiles
  5 big kobolds
  A bullfrog (D:7)
  4 scorpions
  A water moccasin skeleton (D:7)
  5 wights (D:11)
  4 howler monkeys
  4 jellies
  4 crimson imps
  A spectral centaur (D:10)
  A bullfrog zombie (D:11)
  2 centaur zombies (D:10)
  7 orc priests
  8 hounds
  Crazy Yiuf (D:6)
  2 iguanas
  Jessica (D:3)
  4 bullfrog skeletons
  10 orc wizards
  6 worker ants
  5 hound zombies
  A hound skeleton (D:9)
  A worker ant zombie (D:10)
  8 adders
  A shadow imp (D:10)
  2 oozes
  An adder zombie (D:5)
  4 dart slugs
  3 worms
  10 leopard geckos
  70 orcs
  10 bats
  2 giant cockroaches
  7 goblins
  7 hobgoblins
  3 jackals (D:2)
  34 kobolds
  6 quokkas
  4 ball pythons
  8 frilled lizards
  A jackal skeleton (D:4)
  17 rats
314 creatures vanquished.

Vanquished Creatures (collateral kills)
  A two-headed ogre (D:8)
  An ice beast (D:11)
  A bullfrog (D:11)
  A bullfrog skeleton (D:11)
4 creatures vanquished.

Vanquished Creatures (others)
  2 orcs (D:9)
2 creatures vanquished.

Grand Total: 320 creatures vanquished

Notes
Turn   | Place    | Note
-------+----------+-------------------------------------------
     0 | D:1      | EnegeticOcto the Formicid Berserker began the quest for the
                  | Orb.
     0 | D:1      | Reached XP level 1. HP: 18/18 MP: 1/1
   362 | D:1      | Reached XP level 2. HP: 21/24 MP: 2/2
  1244 | D:2      | Reached XP level 3. HP: 29/29 MP: 3/3
  1679 | D:2      | Reached ** piety under Trog
  2007 | D:2      | Reached XP level 4. HP: 35/37 MP: 4/4
  2639 | D:3      | Noticed Jessica
  2657 | D:3      | Killed Jessica
  2657 | D:3      | Reached skill level 4 in Axes
  2787 | D:3      | Reached XP level 5. HP: 40/42 MP: 5/5
  3086 | D:3      | Found a basalt altar of Yredelemnul.
  3088 | D:3      | Found a bloodstained altar of Trog.
  3232 | D:3      | Noticed Grinder
  3245 | D:3      | Killed Grinder
  3245 | D:3      | Reached skill level 5 in Axes
  3245 | D:3      | Reached XP level 6. HP: 49/49 MP: 6/6
  3502 | D:4      | Found a staircase to the Ecumenical Temple.
  3547 | D:4      | Reached XP level 7. HP: 54/55 MP: 7/7
  3629 | D:4      | Reached *** piety under Trog
  3635 | D:4      | Found a glowing drain.
  3639 | Sewer    | Entered a sewer
  4314 | D:4      | Reached skill level 5 in Fighting
  4948 | D:5      | Entered Level 5 of the Dungeon
  4986 | D:5      | Found a radiant altar of Vehumet.
  5087 | D:5      | Reached skill level 6 in Axes
  5087 | D:5      | Reached XP level 8. HP: 57/62 MP: 8/8
  5096 | D:5      | Reached skill level 1 in Evocations
  5781 | D:6      | Reached **** piety under Trog
  6027 | D:6      | Reached skill level 5 in Armour
  6319 | D:6      | Reached skill level 7 in Axes
  6322 | D:6      | Reached XP level 9. HP: 69/69 MP: 10/10
  6660 | D:6      | Found a runed translucent door.
  6661 | D:6      | Noticed Crazy Yiuf
  6810 | D:6      | Killed Crazy Yiuf
  7242 | D:7      | Got a faintly humming scale mail
  7649 | D:7      | Reached skill level 8 in Axes
  7649 | D:7      | Reached skill level 5 in Dodging
  7790 | D:7      | Identified the +4 scale mail of Mefuphell {Str+3 Dex+9
                  | Slay-3 Stlth-} (You found it on level 7 of the Dungeon)
  7857 | D:8      | Reached ***** piety under Trog
  7857 | D:8      | Received a gift from Trog
  7859 | D:8      | Noticed a two-headed ogre
  7862 | D:8      | Noticed a hippogriff
  8049 | D:8      | Found a staircase to the Lair.
  8186 | D:8      | Killed a hippogriff
  8186 | D:8      | Reached XP level 10. HP: 63/77 MP: 13/13
  8494 | D:8      | Killed a two-headed ogre
  8494 | D:8      | Reached skill level 9 in Axes
  8899 | D:9      | Noticed Pikel
  8924 | D:9      | Killed Pikel
  9023 | D:9      | Noticed Erolcha
  9037 | D:9      | Killed Erolcha
  9185 | D:9      | Found a staircase to the Orcish Mines.
  9331 | D:9      | Reached skill level 10 in Axes
  9765 | D:10     | Entered Level 10 of the Dungeon
  9809 | D:10     | Received a gift from Trog
  9877 | D:10     | Reached XP level 11. HP: 83/86 MP: 14/14
 10264 | D:10     | Noticed a two-headed ogre
 10272 | D:10     | Killed a two-headed ogre
 11012 | D:10     | Noticed a two-headed ogre
 11044 | D:10     | Killed a two-headed ogre
 11044 | D:10     | Reached skill level 11 in Axes
 11584 | D:11     | Noticed a swamp dragon
 11594 | D:11     | Killed a swamp dragon
 12131 | D:11     | Noticed an unseen horror
 12131 | D:11     | Noticed a two-headed ogre
 12138 | D:11     | Killed an unseen horror
 12140 | D:11     | Killed a two-headed ogre
 12268 | D:11     | Identified the +2 trident of Chance {vorpal, *Slow rPois
                  | Int+7 Stlth+}
 12268 | D:11     | Noticed a tengu reaver
 12285 | D:11     | Reached XP level 12. HP: 43/95 MP: 15/15
 12310 | D:11     | HP: 3/95 [tengu reaver/the +2 trident of Chance {vorpal,
                  | *Slow rPois Int+7 Stlth+} (5)]
 12313 | D:11     | HP: 1/95 [tengu reaver/the +2 trident of Chance {vorpal,
                  | *Slow rPois Int+7 Stlth+} (1)]
 12315 | D:11     | Slain by a tengu reaver

Levels and vault maps discovered:
D:1:      minmay_arrival_jagged, layout_loops_corners, serial_glass,
          glass_columns_b, glass_columns_c, minmay_misc_feat_tower,
          minmay_misc_feat_room
D:2:      layout_loops_cross, minmay_heptomino_d4
D:3:      layout_rooms, grunt_temple_overflow_open, first_ration, uniq_grinder,
          uniq_jessica
D:4:      layout_basic, minmay_temple_entry_junction, gup_sewer_entry_spiral
D:5:      layout_cave_pools, vehumet_altar_wand_db
D:6:      layout_basic, st_stairs_7, minmay_diced_spiral,
          uniq_crazy_yiuf_cottage
D:7:      layout_cave_pools, grunt_ogre_cave
D:8:      layout_basic, david_lair_generic, grunt_ministairs_6,
          chequers_serial_rivers_micro_a
D:9:      layout_loops_ring, hiddenorc2_lemuel, uniq_pikel, uniq_erolcha
D:10:     layout_irregular_city, hangedman_weighted_door
D:11:     minmay_the_grid_net [minmay_the_grid_spikes, minmay_the_grid_dragon_a,
          minmay_the_grid_tree, minmay_the_grid_minigrid_small,
          minmay_the_grid_diamond_grid, minmay_the_grid_prize_diamond_cup],
          layout_stronghold

Skill      XL: |  1  2  3  4  5  6  7  8  9 10 11 |
---------------+----------------------------------+-----
Dodging        | 2 3 4 5 6 7 |  7.5
Axes           | 4 5 6 7 8 10 11 | 11.5
Armour         | 3 4 5 6 7 9 |  9.0
Fighting       | 4 5 6 8 9 |  9.3
Evocations     | 2 4 |  4.0

Action                   |  1- 3 |  4- 6 |  7- 9 | 10-12 || total
-------------------------+-------+-------+-------+-------++-------
Melee: Hand axe          |    99 |   144 |   161 |       ||   404
       Unarmed           |       |     9 |       |       ||     9
       War axe           |       |       |   243 |   176 ||   419
       Broad axe         |       |       |       |   198 ||   198
Invok: Trog's Hand       |       |     1 |     3 |     4 ||     8
       Brothers in Arms  |       |       |       |     3 ||     3
 Abil: Dig               |       |       |       |     3 ||     3
Evoke: Wand              |       |       |     1 |     6 ||     7
  Use: Scroll            |     3 |    10 |     4 |     5 ||    22
       Potion            |       |     1 |     2 |    13 ||    16
 Stab: Sleeping          |     1 |       |       |       ||     1
       Paralysed         |       |       |     3 |     4 ||     7
  Eat: Chunk             |     3 |     6 |    13 |    12 ||    34
       Ration            |       |       |     1 |     1 ||     2
Armor: Animal skin       |    26 |     3 |       |       ||    29
       Chain mail        |       |    57 |   224 |   217 ||   498
       Skin              |       |     7 |       |       ||     7
Dodge: Dodged            |    66 |    56 |   224 |   223 ||   569

Table legend:
 A = Non-vault XP
 B = Vault XP
 C = Vault XP percentage of total XP
 D = Non-vault monster count
 E = Vault monster count
 F = Vault count percentage of total count
                 A         B        C        D         E       F
            +---------+---------+-------+---------+---------+-------
      Total |    8975 |    6493 |  42.0 |     219 |      98 |  30.9
            +---------+---------+-------+---------+---------+-------
        D:1 |      28 |       0 |   0.0 |      15 |       0 |   0.0
        D:2 |      61 |       4 |   6.2 |      26 |       2 |   7.1
        D:3 |     108 |     314 |  74.4 |      21 |       2 |   8.7
        D:4 |     226 |      12 |   5.0 |      14 |       8 |  36.4
        D:5 |     346 |       2 |   0.6 |      12 |       1 |   7.7
        D:6 |     619 |     300 |  32.6 |      23 |       4 |  14.8
        D:7 |     929 |     431 |  31.7 |      21 |       3 |  12.5
        D:8 |     978 |     385 |  28.2 |      12 |       3 |  20.0
        D:9 |     693 |    1813 |  72.3 |      22 |      33 |  60.0
       D:10 |    4104 |     202 |   4.7 |      31 |       5 |  13.9
       D:11 |     883 |    2801 |  76.0 |      22 |      13 |  37.1
      Sewer |       0 |     229 | 100.0 |       0 |      24 | 100.0
            +---------+---------+-------+---------+---------+-------
